 Dungeon Sprint DCSS version 0.21.0-24-g2553a33 (webtiles) character file.

1757 letownia2 the Grappler (level 8, -7/80 HPs)
             Began as a Troll Wizard on Jan 20, 2018.
             Was an Initiate of Gozag.
             Engulfed by a cloud of flame (15 damage)
             ... in the Dungeon (Sprint II: "The Violet Keep of Menkaure").
             The game lasted 00:04:45 (405 turns).

letownia2 the Grappler (Troll Wizard)                Turns: 405, Time: 00:04:45

Health: -7/80      AC:  5    Str: 16    XL:     8   Next: 79%
Magic:  7/13       EV: 11    Int: 16    God:    Gozag
Gold:   1286       SH:  0    Dex:  8    Spells: 6/15 levels left

rFire    . . .     SeeInvis .     - Unarmed
rCold    . . .     Gourm    +   (no shield)
rNeg     . . .     Faith    .   a - +0 robe
rPois    .         Spirit   .   b - +0 hat
rElec    .         Reflect  .   (no cloak)
rCorr    .         Harm     .   (gloves unavailable)
MR       .....     NoTele   +   (boots unavailable)
Stlth    +.........             (no amulet)
HPRegen  0.63/turn              (no ring)
MPRegen  0.13/turn              (no ring)

@: confused, lethally poisoned (-7 -> -8), gold aura
A: large, unfitting armour, claws 3, fast metabolism 3, gourmand, regeneration
1, shaggy fur 1, tough skin 2
a: Potion Petition, Call Merchant, Bribe Branch, Renounce Religion


You were in the Dungeon.
You worshipped Gozag.
Gozag was most pleased with you.
You were very full.

You visited 1 branch You collected 1744 gold pieces.
You spent 36 gold pieces at shops.
You paid 422 gold pieces to Gozag.

Inventory:

Armour
 a - a +0 robe (worn)
 b - a +0 hat (worn)
Scrolls
 j - a scroll of blinking
Potions
 f - a potion of heal wounds
 g - a potion of haste
 h - 2 potions of magic
 i - a potion of flight
Books
 c - a book of Minor Magic

   Spells                             Type                      Level
   a - Magic Dart                     Conjuration                  1
   b - Blink                          Translocation                2
   c - Call Imp                       Summoning                    2
   d - Slow                           Hexes                        2
   e - Conjure Flame                  Conjuration/Fire             3
   f - Mephitic Cloud                 Conjuration/Poison/Air       3
Comestibles
 d - 2 rations


   Skills:
 + Level 5.0 Fighting
 + Level 4.6 Dodging
 - Level 1.0 Stealth
 + Level 11.6 Unarmed Combat
 - Level 4.1 Spellcasting
 - Level 5.2 Conjurations
   Level 0.6 Summonings
 - Level 4.4 Translocations
 - Level 4.2 Fire Magic
 + Level 3.3 Air Magic
 - Level 2.5 Poison Magic


You had 6 spell levels left.
You knew the following spells:

 Your Spells              Type           Power        Failure   Level  Hunger
a - Magic Dart            Conj           ###.         1%          1    None
b - Blink                 Tloc           N/A          4%          2    ##.....
c - Conjure Flame         Conj/Fire      ###.....     7%          3    ###....
e - Mephitic Cloud        Conj/Pois/Air  ###.....     11%         3    ###....


Dungeon Overview and Level Annotations

Branches:
Dungeon (1/1)

Altars:
Cheibriados
Dithmenos
Elyvilon
Fedhas
Gozag
Hepliaklqana
Kikubaaqudgha
Makhleb
Nemelex Xobeh
Okawaru
Qazlal
Ru
Sif Muna
Trog
Uskayaw
Vehumet
Wu Jian
Xom
Yredelemnul
Zin
The Shining One
Beogh
Jiyva
Lugonu

Shops:
D =:[(!!%=*:?(%[}%[

Annotations:
D exclusions: ice statue and oklob plant


Innate Abilities, Weirdness & Mutations

You are too large for most types of armour.
You have claws for hands.
Your metabolism is lightning-fast.
You like to eat raw meat.
Your natural rate of healing is unusually fast.
You are covered in fur. (AC +1)
You have very tough skin. (AC +2)


Message History

The polar bear is engulfed in blazing flames.
The polar bear barely misses you. The polar bear closely misses you.
The polar bear claws you.
The swamp drake breathes noxious fumes at you.
The noxious blast engulfs the polar bear.
The polar bear is engulfed in blazing flames.
The polar bear bites you!!
* * * LOW HITPOINT WARNING * * *
The polar bear closely misses you.
The polar bear claws you but does no damage.
The hornet is engulfed in noxious fumes.
The polar bear is engulfed in blazing flames.
You kill the polar bear!
Your Fighting skill increases to level 5!
Your Air Magic skill increases to level 3!
Unknown command.
Unknown command.
You are engulfed in blazing flames.
You die...
Your body crumbles into a pile of gold.

###.#....# $ ...# .#.####..##
#..# $#▓$((?())[ #'###.##..#$
+..# .#▓))!??(%) #.##...#..#
#..# .#▓($?!)$!?
∩<.'###+..####..##.#▓?($!?$)$
#.##...#....###§§§##▓▓▓▓▓▓▓+▓
#'###.##......≈k§y≈≈≈≈≈≈≈≈≈..
...####≈§..§.§§#h########+###
.#..#≈≈≈§§§≈..≈#@§..._._#t§§#
.#.##≈≈≈§≈§§§§≈#...._._.#t≈§§
#'##≈§≈≈§§§≈§≈≈#..._._._#≈≈§§
$
≈≈≈≈≈≈≈≈§§§§§§≈#.._._._.#≈≈≈§
$
+#+++#≈§≈≈§§§≈≈#._._._._#§≈≈§
$ ≈≈§≈
##≈§§###§§#_._._._.#§§§≈ $
≈§§§≈≈##§≈ #≈≈#._._._..#≈§§≈
$ ≈8§§≈≈≈+ #§≈#.._._._.#≈§§
§≈≈§≈≈## ≈≈≈##########≈§≈


You could see a polar bear, a hornet and a swamp drake.

Vanquished Creatures
  2 polar bears (D)
  2 tyrant leeches (D)
  2 hippogriffs (D)
  Menkaure (D)
  4 necrophages (D)
  A scorpion (D)
  4 worker ants (D)
16 creatures vanquished.

Vanquished Creatures (others)
  A crocodile (D)
1 creature vanquished.

Grand Total: 17 creatures vanquished

Notes
Turn   | Place    | Note
-------+----------+-------------------------------------------
     0 | D        | letownia2 the Troll Wizard began the quest for the Orb.
     0 | D        | Reached XP level 1. HP: 16/16 MP: 2/2
     1 | D        | Noticed a hippogriff
     1 | D        | Noticed a hippogriff
     4 | D        | Noticed a worker ant
     4 | D        | Noticed a worker ant
     4 | D        | Noticed a worker ant
     4 | D        | Noticed a worker ant
    11 | D        | Killed a worker ant
    11 | D        | Reached skill level 4 in Unarmed Combat
    11 | D        | Reached XP level 2. HP: 29/29 MP: 4/4
    17 | D        | Reached skill level 5 in Unarmed Combat
    17 | D        | Reached XP level 3. HP: 36/36 MP: 5/5
    20 | D        | Reached skill level 6 in Unarmed Combat
    20 | D        | Reached skill level 1 in Conjurations
    20 | D        | Reached XP level 4. HP: 44/44 MP: 6/6
    21 | D        | Reached skill level 7 in Unarmed Combat
    39 | D        | Learned a level 2 spell: Blink
    43 | D        | Learned a level 3 spell: Conjure Flame
    53 | D        | Found Ycvyosi's Antique Armour Emporium.
    53 | D        | Found Vodghoow's Food Emporium.
    53 | D        | Found Quhu's Food Shoppe.
    53 | D        | Found Bareps's Gadget Shoppe.
    53 | D        | Found Oqyih's Antique Weapon Emporium.
    54 | D        | Found Uzxeusih's Book Shoppe.
    54 | D        | Found Caont's General Store.
    54 | D        | Found Niwkeffank's Jewellery Shoppe.
    55 | D        | Found Jowk's Food Emporium.
    55 | D        | Found Daclih Vaew's Distillery.
    55 | D        | Found Simysun's Distillery.
    56 | D        | Found Bicw's Magic Scroll Emporium.
    56 | D        | Noticed a polar bear
    57 | D        | Found Loanuz's Antique Weapon Shoppe.
    57 | D        | Found Zugor's Antique Armour Emporium.
    57 | D        | Noticed Menkaure
    57 | D        | Noticed a polar bear
    57 | D        | Noticed an oklob plant
    58 | D        | Found Kaan's Jewellery Shoppe.
    58 | D        | Found Ethinoofeu's Book Shoppe.
    59 | D        | Noticed a redback
    59 | D        | Noticed a redback
    73 | D        | Killed a crocodile
    80 | D        | HP: 2/44 [Menkaure (9)]
    81 | D        | Killed Menkaure
    81 | D        | Reached skill level 8 in Unarmed Combat
    81 | D        | Reached XP level 5. HP: 2/50 MP: 1/7
    97 | D        | Noticed a slime creature
   101 | D        | Noticed a slime creature
   104 | D        | Noticed a slime creature
   107 | D        | Bought a potion of flight for 36 gold pieces
   144 | D        | Noticed an ice statue
   156 | D        | Found a roughly hewn altar of Beogh.
   157 | D        | Found a snail-covered altar of Cheibriados.
   157 | D        | Found a hazy altar of Hepliaklqana.
   160 | D        | Found a shadowy altar of Dithmenos.
   160 | D        | Found a viscous altar of Jiyva.
   161 | D        | Found a white marble altar of Elyvilon.
   161 | D        | Found an ancient bone altar of Kikubaaqudgha.
   161 | D        | Found a sacrificial altar of Ru.
   162 | D        | Found a blossoming altar of Fedhas.
   162 | D        | Found a corrupted altar of Lugonu.
   162 | D        | Found a deep blue altar of Sif Muna.
   163 | D        | Found an opulent altar of Gozag.
   163 | D        | Found a burning altar of Makhleb.
   163 | D        | Found a bloodstained altar of Trog.
   163 | D        | Found a shimmering altar of Xom.
   164 | D        | Found a sparkling altar of Nemelex Xobeh.
   164 | D        | Found a hide-covered altar of Uskayaw.
   165 | D        | Found a basalt altar of Yredelemnul.
   166 | D        | Found an iron altar of Okawaru.
   166 | D        | Found a radiant altar of Vehumet.
   166 | D        | Found a glowing silver altar of Zin.
   167 | D        | Found a stormy altar of Qazlal.
   167 | D        | Found an ornate altar of the Wu Jian Council.
   167 | D        | Found a glowing golden altar of the Shining One.
   169 | D        | Noticed a crocodile
   170 | D        | Noticed a crocodile
   172 | D        | Became a worshipper of Gozag Ym Sagoz the Greedy
   202 | D        | Killed a hippogriff
   202 | D        | Reached XP level 6. HP: 51/59 MP: 1/9
   204 | D        | Killed a hippogriff
   204 | D        | Reached skill level 9 in Unarmed Combat
   204 | D        | Reached skill level 5 in Conjurations
   204 | D        | Reached XP level 7. HP: 57/66 MP: 1/11
   216 | D        | Learned a level 3 spell: Mephitic Cloud
   266 | D        | Noticed a tyrant leech
   266 | D        | Noticed a tyrant leech
   274 | D        | Killed a tyrant leech
   274 | D        | Reached skill level 10 in Unarmed Combat
   279 | D        | Killed a tyrant leech
   320 | D        | Reached XP level 8. HP: 66/73 MP: 9/13
   334 | D        | Reached skill level 11 in Unarmed Combat
   345 | D        | Noticed an orange crystal statue
   394 | D        | Noticed a polar bear
   395 | D        | Noticed a polar bear
   395 | D        | Noticed a hornet
   396 | D        | Noticed a polar bear
   400 | D        | Killed a polar bear
   404 | D        | Killed a polar bear
   404 | D        | Reached skill level 5 in Fighting
   405 | D        | Engulfed by a cloud of flame

Skill      XL: |  1  2  3  4  5  6  7  8 |
---------------+-------------------------+-----
Fighting       | 2 5 |  5.0
Unarmed Combat | 4 5 6 8 9 10 11 | 11.6
Conjurations   | 1 3 4 5 |  5.2
Translocations | 2 3 4 |  4.4
Fire Magic     | 2 3 4 |  4.2
Spellcasting   | 3 4 |  4.1
Air Magic      | 2 3 |  3.3
Poison Magic   | 2 |  2.5
Dodging        | 2 4 |  4.6
Stealth        | |  1.0
Summonings     | |  0.6

Action                   |  1- 3 |  4- 6 |  7- 9 || total
-------------------------+-------+-------+-------++-------
Melee: Unarmed           |    15 |    14 |    29 ||    58
       Punch             |       |       |     2 ||     2
 Cast: Conjure Flame     |       |     3 |     4 ||     7
Invok: Call Merchant     |       |       |     1 ||     1
  Use: Potion            |     1 |       |     1 ||     2
  Eat: Chunk             |       |     7 |     2 ||     9
Armor: Robe              |     2 |     3 |     4 ||     9
Dodge: Dodged            |     5 |     3 |    16 ||    24
